 Dungeon Crawl Stone Soup version 0.20.0 (webtiles) character file.

7245 SpeedrunTech the Severer (level 10, -7/97 HPs)
             Began as a Minotaur Berserker on June 11, 2017.
             Was a Priest of Trog.
             Mangled by a death yak (24 damage)
             ... on level 9 of the Dungeon.
             The game lasted 00:03:03 (4418 turns).

SpeedrunTech the Severer (Minotaur Berserker)       Turns: 4418, Time: 00:03:04

Health: -7/97      AC: 11    Str: 25    XL:     10   Next: 88%
Magic:  9/9        EV:  9    Int:  4    God:    Trog [***...]
Gold:   214        SH:  0    Dex: 10    Spells: 9/9 levels left

rFire    . . .     SeeInvis .   a - +0 battleaxe
rCold    . . .     Gourm    .   (shield currently unavailable)
rNeg     . . .     Faith    .   k - +1 chain mail
rPois    .         Spirit   .   (helmet restricted)
rElec    .         Reflect  .   (no cloak)
rCorr    .         Harm     .   (no gloves)
MR       .....                  t - +0 pair of boots
Stlth    ..........             (no amulet)
Regen    0.3/turn               (no ring)
MPRegen  0.2/turn               (no ring)

@: berserk cooldown
A: retaliatory headbutt, horns 2
a: Berserk, Trog's Hand, Burn Spellbooks, Renounce Religion


You were on level 9 of the Dungeon.
You worshipped Trog.
Trog was most pleased with you.
You were not hungry.

You visited 1 branch of the dungeon, and saw 10 of its levels.

You collected 214 gold pieces.

Inventory:

Hand Weapons
 a - a +0 battleaxe (weapon)
 i - a +0 hand axe
Armour
 k - a +1 chain mail (worn)
 t - a +0 pair of boots (worn)
Jewellery
 s - a cursed ring of loudness {unknown}
 u - a cursed ring of teleportation {unknown}
Wands
 v - a wand of digging (10/24)
Scrolls
 b - a scroll of fog {unknown}
 f - a scroll of teleportation {unknown}
 g - a scroll of enchant armour
 h - 3 scrolls of identify
 j - a scroll of summoning {unknown}
 p - a scroll of immolation {unknown}
 r - 3 scrolls of remove curse {unknown}
Potions
 d - a potion of haste {unknown}
 e - 4 potions of mutation {!q!q}
 l - 3 potions of agility {unknown}
 m - 2 potions of curing {unknown}
 n - a potion of brilliance {unknown}
 q - a potion of cancellation
 x - a potion of heal wounds {unknown}
Comestibles
 c - 3 bread rations
 o - 2 meat rations
 w - 24 fruits
 A - a royal jelly


   Skills:
 + Level 11.7 Fighting
 * Level 15.6 Axes
 + Level 3.9 Armour
 - Level 2.1 Dodging


You had 9 spell levels left.
You didn't know any spells.

Dungeon Overview and Level Annotations

Branches:
Dungeon (10/15)
 Temple: D:4-7         Lair: D:8-11         Orc: D:9-12

Altars:
Gozag
Kikubaaqudgha
Nemelex Xobeh
Vehumet
Yredelemnul

Annotations:
D:8 2 transporters
D:9 exclusion: statue


Innate Abilities, Weirdness & Mutations

You reflexively headbutt those who attack you in melee.
You have a pair of horns on your head.


Message History

The death yak gores you! The death yak barely misses you.
You're still recovering from your berserk rage.
Unknown command.
You hit the death yak but do no damage. You barely miss the death yak.
The death yak gores you!!
* * * LOW HITPOINT WARNING * * *
The death yak gores you.
* * * LOW HITPOINT WARNING * * *
Unknown command.
You slash the death yak! Your headbutt misses the death yak.
The death yak is lightly wounded.
You hit the death yak but do no damage. The death yak gores you.
* * * LOW HITPOINT WARNING * * *
The death yak gores you but does no damage.
Unknown command.
Unknown command.
You hit the death yak but do no damage.
The death yak is lightly wounded.
You hit the death yak. The death yak gores you!!
You die...

......................#.........#
###########...........###'#+#####
..........#......................
..........####..........#.###....
.............########...#..##....
....................)............
.....................#########...
.....................#..... #...
####..######...Y@Y......._.8 #...
# #..# #.........#.??... #...
#..# #.........#########... #..#
#...###+#...........## #.<#
#...#........#........
#..######...'........#........
#...........#........#........
####...........######............
...............##..#.............


You could see 2 death yaks.

Vanquished Creatures
  The ghost of aesoa the Carver, a journeyman OpMo of Qazlal (D:10)
  2 two-headed ogres (D:9)
  A death yak (D:10)
  A manticore (D:10)
  2 hippogriffs
  A wyvern (D:9)
  A hungry ghost (D:8)
  10 yaks
  2 orc warriors
  4 sky beasts
  2 ogres (D:9)
  A phantom (D:10)
  A centaur (D:10)
  6 bullfrogs (D:9)
  3 big kobolds
  3 scorpions
  3 wights (D:7)
  2 crimson imps (D:9)
  2 orc priests
  2 jellies
  A centaur skeleton (D:10)
  3 orc wizards
  6 worker ants
  A howler monkey zombie (D:8)
  A howler monkey skeleton (D:9)
  A gnoll (D:9)
  4 adders
  A leopard gecko (D:7)
  15 orcs
  A bat (D:2)
  5 goblins
  14 kobolds
  A frilled lizard (D:3)
  A leopard gecko zombie (D:6)
  4 rats
109 creatures vanquished.

Notes
Turn   | Place    | Note
-------+----------+-------------------------------------------
     0 | D:1      | SpeedrunTech the Minotaur Berserker began the quest for the Orb.
     0 | D:1      | Reached XP level 1. HP: 19/19 MP: 0/0
   316 | D:3      | Reached skill level 4 in Axes
   325 | D:3      | Reached XP level 2. HP: 27/27 MP: 1/1
   387 | D:4      | Noticed a scorpion
   390 | D:4      | Killed a scorpion
   390 | D:4      | Reached skill level 5 in Axes
   390 | D:4      | Reached XP level 3. HP: 34/34 MP: 2/2
   390 | D:4      | Reached XP level 4. HP: 41/41 MP: 3/3
   505 | D:5      | Entered Level 5 of the Dungeon
   531 | D:5      | Reached skill level 5 in Fighting
   683 | D:6      | Noticed a sky beast
   687 | D:6      | Reached skill level 6 in Axes
   687 | D:6      | Reached XP level 5. HP: 48/48 MP: 4/4
   702 | D:6      | Killed a sky beast
   702 | D:6      | Reached skill level 7 in Axes
   702 | D:6      | Reached XP level 6. HP: 37/56 MP: 5/5
  1117 | D:7      | Noticed an orc warrior
  1122 | D:7      | Killed an orc warrior
  1122 | D:7      | Reached skill level 8 in Axes
  1128 | D:7      | Reached XP level 7. HP: 63/63 MP: 6/6
  1292 | D:7      | Reached ** piety under Trog
  1419 | D:8      | Found an ancient bone altar of Kikubaaqudgha.
  1429 | D:8      | Found a basalt altar of Yredelemnul.
  1429 | D:8      | Noticed a wraith
  1430 | D:8      | Noticed a death knight
  1443 | D:8      | Noticed a vampire
  1451 | D:8      | Noticed a hungry ghost
  1459 | D:8      | Killed a hungry ghost
  1493 | D:8      | Reached skill level 9 in Axes
  1671 | D:8      | Noticed a hippogriff
  1680 | D:8      | Killed a hippogriff
  1680 | D:8      | Reached XP level 8. HP: 49/73 MP: 7/7
  1991 | D:8      | Reached skill level 10 in Axes
  2118 | D:9      | Noticed a hippogriff
  2122 | D:9      | Killed a hippogriff
  2234 | D:9      | Reached skill level 11 in Axes
  2296 | D:9      | Found a flagged portal.
  2681 | D:9      | Found a radiant altar of Vehumet.
  2730 | D:9      | Reached XP level 9. HP: 82/82 MP: 8/8
  2731 | D:9      | Reached skill level 12 in Axes
  2850 | D:9      | Noticed a two-headed ogre
  2859 | D:9      | Killed a two-headed ogre
  2859 | D:9      | Reached skill level 13 in Axes
  2999 | D:9      | Found an opulent altar of Gozag.
  3000 | D:9      | Found a sparkling altar of Nemelex Xobeh.
  3159 | D:9      | Reached skill level 10 in Fighting
  3159 | D:9      | Reached *** piety under Trog
  3481 | D:10     | Entered Level 10 of the Dungeon
  3492 | D:10     | Reached XP level 10. HP: 94/94 MP: 9/9
  3492 | D:10     | Reached skill level 14 in Axes
  3507 | D:10     | Noticed aesoa's ghost (journeyman OpMo)
  3683 | D:10     | Killed aesoa's ghost
  3787 | D:9      | Noticed a two-headed ogre
  3795 | D:9      | Killed a two-headed ogre
  3795 | D:9      | Reached skill level 15 in Axes
  4224 | D:10     | Noticed a death yak
  4233 | D:10     | Killed a death yak
  4376 | D:10     | Noticed a manticore
  4383 | D:10     | Killed a manticore
  4387 | D:10     | Noticed a death yak
  4389 | D:10     | Noticed a death yak
  4390 | D:10     | Noticed a death yak
  4394 | D:10     | Noticed a death yak
  4394 | D:10     | Noticed a death yak
  4418 | D:9      | Mangled by a death yak

Skill      XL: |  1  2  3  4  5  6  7  8  9 10 |
---------------+-------------------------------+-----
Axes           | 4 5 6 7 8 9 11 13 15 | 15.6
Fighting       | 4 5 6 7 8 10 11 | 11.7
Armour         | 3 |  3.9
Dodging        | |  2.1

Action                   |  1- 3 |  4- 6 |  7- 9 | 10-12 || total
-------------------------+-------+-------+-------+-------++-------
Melee: Hand axe          |    22 |    28 |       |       ||    50
       Headbutt          |     2 |     5 |    35 |    11 ||    53
       Battleaxe         |       |    15 |   138 |    51 ||   204
Invok: Berserk           |     2 |     4 |     5 |     4 ||    15
       Burn Spellbooks   |       |     1 |       |       ||     1
       Trog's Hand       |       |       |       |     1 ||     1
  Use: Scroll            |       |       |       |     2 ||     2
       Potion            |       |       |       |     2 ||     2
  Eat: Chunk             |       |     4 |    15 |     6 ||    25
       Bread ration      |       |       |       |     1 ||     1
Armor: Animal skin       |     3 |     4 |       |       ||     7
       Chain mail        |       |       |    73 |    23 ||    96
Dodge: Dodged            |    13 |    15 |    73 |    28 ||   129
